 Dungeon Crawl Stone Soup version 0.31-a0-743-g45f7035092 (webtiles) character file.

Game seed: 9727775915425796842

37 Bravepunisher the Ducker (level 3, -1/19 HPs)
             Began as a Spriggan Monk on Sept 13, 2023.
             Slain by an orc
             ... wielding a +0 club
              (5 damage)
             ... on level 5 of the Dungeon.
             The game lasted 00:03:39 (782 turns).

Bravepunisher the Ducker (Spriggan Monk)             Turns: 782, Time: 00:03:40

Health: -1/19      AC:  2    Str:  7    XL:     3   Next: 21%
Magic:  4/4        EV: 20    Int: 11    God:
Gold:   49         SH:  0    Dex: 19    Spells: 2/2 levels left

rFire   . . .        a - +0 short sword
rCold   . . .        d - orb {light}
rNeg    . . .        b - +0 robe
rPois   .            (helmet restricted)
rElec   .            (no cloak)
rCorr   .            (gloves unavailable)
SInv    +            (boots unavailable)
Will    +....        i - amulet of the acrobat
Stlth   +            (no ring)
HPRegen 0.23/turn    (no ring)
MPRegen 0.09/turn

%: acrobat
@: lethally poisoned (-1 -> -3), attractive, enlightened, flying, glowing, very
quick
A: very small, no large weapons, unfitting armour, see invisible, speed 3
a: no special abilities


You were on level 5 of the Dungeon.
You visited 1 branch of the dungeon, and saw 5 of its levels.

You collected 49 gold pieces.

Inventory:

Hand Weapons
 a - a +0 short sword (weapon)
Armour
 b - a +0 robe (worn)
 d - an orb of light (worn)
Jewellery
 i - an amulet of the acrobat (around neck)
Scrolls
 g - a scroll of identify
 h - a scroll of amnesia


   Skills:
 + Level 2.9 Fighting
 - Level 3.2 Short Blades
 * Level 5.2 Dodging


You had 2 spell levels left.
You didn't know any spells.
Your spell library contained the following spells:

 Spells                   Type           Power      Damage    Failure   Level
 Shock                    Conj/Air       0%         1d3       34%         1
 Swiftness                Air            0%         N/A       71%         3
 Airstrike                Air            0%         2d(0-16)  98%         4


Dungeon Overview and Level Annotations

Branches:
Dungeon (5/15)
 Temple: D:4-7

Altars:


Innate Abilities, Weirdness & Mutations

You are very small and have problems with some larger weapons.
You are too small for most types of armour.
You have supernaturally acute eyesight. (SInv)
You cover ground extremely quickly. (Speed+++)


Message History

It was a scroll of blinking.
The centaur completely misses you. The centaur kicks you.
You hit the centaur but do no damage. The centaur hits you.
The centaur closely misses you.
You are confused.
You feel invigorated. The centaur hits you. The centaur barely misses you.
The centaur hits you.
* * * LOW HITPOINT WARNING * * *
The centaur misses you.
It was a potion of enlightenment.
You feel very buoyant.
You fly up into the air.
The centaur completely misses you. The centaur closely misses you.
The adder bites you.
* * * LOW HITPOINT WARNING * * *
You are lethally poisoned!
The adder poisons you!
It was a potion of attraction.
You feel attractive to monsters.
You feel less invigorated.
You feel less confused.
You feel sick. The centaur misses you. The centaur completely misses you.
The adder closely misses you. The centaur closely misses you.
The centaur completely misses you.
As you read the scroll labelled HOUXTIGGIKO, it crumbles to dust.
It is a scroll of identify.
h - a scroll of amnesia You feel sick.
The centaur misses you. x2; The adder completely misses you.
The orc misses you.
Unknown command.
As you read the scroll labelled BOIM ULETOSS, it crumbles to dust.
The creatures around you are filled with an inner flame!
It was a scroll of immolation.
You feel sick. The centaur barely misses you. The centaur misses you.
The adder misses you. The centaur closely misses you. The centaur kicks you.
* * * LOW HITPOINT WARNING * * *
Unknown command.
You hit the centaur but do no damage.
You feel sick. The adder completely misses you.
The centaur barely misses you. x2
The orc hits you with a +0 club.
You die...

### #.#######
/.. #.#
##>#####S#######
#...............
#..#...#.#####.#
####''####
#≈≈≈..≈≈≈#
#≈....oo≈#
#≈.####@≈# #≈.#
#cS# #≈.# #.≈#
#≈.####.≈#
#≈..S...≈#
#≈≈≈≈≈≈≈≈#
##########


You could see a centaur (inner flame), an adder (inner flame) and 2 orcs.

Vanquished Creatures
  2 dart slugs (D:2)
  4 ball pythons
  2 endoplasms (D:1)
  3 goblins
  2 hobgoblins
  4 jackals
  4 quokkas
  2 frilled lizards (D:2)
  A kobold (D:1)
  5 rats
29 creatures vanquished.

Notes
Turn   | Place    | Note
-------+----------+-------------------------------------------
     0 | D:1      | Bravepunisher the Spriggan Monk began the quest for the
                  | Orb.
     0 | D:1      | Reached XP level 1. HP: 11/11 MP: 2/2
   146 | D:1      | Reached XP level 2. HP: 13/16 MP: 3/3
   301 | D:2      | Reached skill level 5 in Dodging
   440 | D:2      | Reached XP level 3. HP: 19/19 MP: 4/4
   668 | D:5      | Entered Level 5 of the Dungeon
   692 | D:5      | Noticed a centaur
   782 | D:5      | Slain by an orc

Illustrated notes

Levels and vault maps discovered:
D:1:      dpeg_arrival_tiny_c, layout_loops_ring, minmay_octomino_e4
D:2:      layout_loops_ring, minmay_surrounded
D:3:      layout_loops_cross, uniq_crazy_yiuf_cottage
D:4:      layout_basic, portal_sewer_entry_d, uniq_edmund, uniq_ijyb
D:5:      layout_loops_ring, kennysheep_generic_room_6

Skill      XL: |  1  2 |
---------------+-------+-----
Dodging        | 5 |  5.2
Fighting       | |  2.9
Short Blades   | |  3.2

Action                     || total
---------------------------++-------
  Melee: Short sword       ||   112
    Use: Scroll            ||     3
         Potion            ||     3
 Armour: Robe              ||    26
  Dodge: Dodged            ||   122

Table legend: (Time is in decaauts)
 A = Elapsed time spent in this place.
 B = Non-inter-level travel time spent in this place.
 C = Inter-level travel time spent in this place.
 D = Time resting spent in this place.
 E = Time spent auto-exploring this place.
 F = Levels seen in this place.
 G = Mean time per level.
                   A        B        C        D        E       F      G
               +--------+--------+--------+--------+--------+-----+--------+
         Total |    549 |    549 |      0 |     44 |    164 |   5 |  109.8 |
       Dungeon |    549 |    549 |      0 |     44 |    164 |   5 |  109.8 |
               +--------+--------+--------+--------+--------+-----+--------+

Top non-repeatable levels by time:
     D:1: 205 daAuts
     D:2: 170 daAuts
     D:4: 80 daAuts
     D:5: 72 daAuts
     D:3: 21 daAuts
